 Dungeon Crawl Stone Soup version 0.31-a0-1570-g93c622d222 (webtiles) character file.

Game seed: 1986706774314250577

1689 Laraso the Cleaver (level 9, -1/70 HPs)
             Began as a Hill Orc Fighter on Jan 3, 2024.
             Was an Initiate of Beogh.
             Killed from afar by a steam dragon (13 damage)
             ... with a ball of steam
             ... on level 6 of the Dungeon.
             The game lasted 00:08:34 (4971 turns).

Laraso the Cleaver (Hill Orc Fighter)               Turns: 4971, Time: 00:08:35

Health: -1/70      AC: 13    Str: 19    XL:     9   Next: 2%
Magic:  18/18      EV:  5    Int:  8    God:    Beogh [......]
Gold:   284        SH:  5    Dex: 14    Spells: 8/8 levels left

rFire   . . .        a - +0 war axe
rCold   . . .        c - +0 buckler
rNeg    . . .        g - +0 plate armour
rPois   +            j - +0 helmet
rElec   .            v - +0 cloak
rCorr   .            (no gloves)
SInv    .            (no boots)
Will    .....        (no amulet) Stlth
                     l - ring of magical power
HPRegen 0.31/turn    o - ring of poison resistance
MPRegen 0.16/turn

%: no passive effects
@: studying Throwing
A: no striking features
a: Renounce Religion


You were on level 6 of the Dungeon.
You worshipped Beogh.
Beogh was noncommittal.
You visited 1 branch of the dungeon, and saw 6 of its levels.

You collected 284 gold pieces.

Inventory:

Hand Weapons
 a - a +0 war axe (weapon)
 b - a +0 flail
Armour
 c - a +0 buckler (worn)
 g - a +0 plate armour (worn)
 i - a scarf of harm
 j - a +0 helmet (worn)
 v - a +0 cloak (worn)
Jewellery
 l - a ring of magical power (left hand)
 o - a ring of poison resistance (right hand)
Talismans
 h - a granite talisman
Wands
 e - a wand of flame (33)
 t - a wand of acid (12)
 u - a wand of polymorph (8)
 x - a wand of digging (3)
Scrolls
 f - a scroll of fog
 k - 2 scrolls of blinking
 m - a scroll of enchant armour
 w - a scroll of vulnerability
 y - 3 scrolls of immolation
Potions
 d - a potion of might
 n - a potion of mutation
 p - a potion of curing {unknown}
 q - a potion of heal wounds
 r - a potion of haste
 s - a potion of brilliance


   Skills:
 - Level 3.6 Fighting
 * Level 14.3 Axes
 - Level 3.5 Armour
 - Level 3.5 Shields


You had 8 spell levels left.
You didn't know any spells.
Your spell library contained the following spells:

 Spells                   Type           Power      Damage    Failure   Level
 Call Imp                 Summ           0%         N/A       100%        2
 Sublimation of Blood     Necr           0%         N/A       100%        2
 Hailstorm                Conj/Ice       0%         3d5       100%        3
 Summon Ice Beast         Ice/Summ       0%         N/A       100%        3
 Sculpt Simulacrum        Ice/Alch       0%         N/A       100%        6
 Summon Hydra             Summ           0%         N/A       100%        7


Dungeon Overview and Level Annotations

Branches:
Dungeon (6/15)             Temple (0/1) D:6

Altars:
Elyvilon
Hepliaklqana
Qazlal

Shops:
D:2 =

Annotations:
D:5 1 runed translucent door


Message History

The ball of steam hits you but does no damage.
You hear an angry buzzing noise.
You slash the steam dragon!
The steam dragon is heavily wounded.
You are engulfed in a cloud of scalding steam.
The steam dragon barely misses you.
The steam dragon claws you but does no damage.
You hit the steam dragon.
The steam dragon is heavily wounded.
You are engulfed in a cloud of scalding steam.
The steam dragon breathes steam at you. The ball of steam hits you!
You hear a shout! x3
You barely miss the steam dragon.
The steam dragon is heavily wounded.
You are engulfed in a cloud of scalding steam.
You are too injured to fight recklessly!
You are too injured to fight recklessly!
You barely miss the steam dragon.
The steam dragon is heavily wounded.
You are engulfed in a cloud of scalding steam.
The steam dragon bites you. The steam dragon claws you.
You closely miss the steam dragon.
The steam dragon is heavily wounded.
You are engulfed in a cloud of scalding steam.
The steam dragon bites you.
* * * LOW HITPOINT WARNING * * *
The steam dragon barely misses you. The steam dragon breathes steam at you.
The ball of steam misses you.
You hear a shout!
A vampire comes into view.
You are engulfed in a cloud of scalding steam.
* * * LOW HITPOINT WARNING * * *
The gnoll shouts!
You are engulfed in a cloud of scalding steam.
* * * LOW HITPOINT WARNING * * *
The steam dragon breathes steam at you. The ball of steam hits you!
You die...

§............. #...###.
#...........P5 #....>..
##..........##. #......
#..........P#.. #.....#
#.#§.......[..> #.....#
#§#.V......P#.. #.....#
##D.yg.......##.
####.....###§..#.......
P.
#.........@§.§.#......
..
#.......###.####......
..[ #....<..###.#
...... ..#
####........# . ..#
#.......##
#.......######.
#......<.......
#.......#######
#.......#


You could see a hornet and a gnoll bouda.

Vanquished Creatures
  A two-headed ogre (D:4)
  The ghost of olourkin the Caller, an amateur DESu of Kikubaaqudgha (D:5)
  Eustachio (D:4)
  An ogre (D:5)
  3 bullfrogs (D:5)
  A bombardier beetle (D:4)
  A jelly (D:5)
  An orc priest (D:5)
  2 hounds (D:5)
  A sleepcap (D:6)
  2 iguanas (D:4)
  An orc wizard (D:3)
  Natasha (thrice) (D:3)
  Robin (D:2)
  6 adders
  2 ufetubi (D:5)
  6 ribbon worms
  A dart slug (D:2)
  9 orcs
  6 bats
  5 endoplasms
  3 giant cockroaches
  14 goblins
  6 hobgoblins
  16 jackals
  6 quokkas
  6 ball pythons
  3 frilled lizards (D:2)
  5 kobolds
  5 rats
119 creatures vanquished.

Vanquished Creatures (others)
  An orc priest (D:4)
1 creature vanquished.

Grand Total: 120 creatures vanquished

Notes
Turn   | Place    | Note
-------+----------+-------------------------------------------
     0 | D:1      | Laraso the Hill Orc Fighter began the quest for the Orb.
     0 | D:1      | Reached XP level 1. HP: 19/19 MP: 1/1
    95 | D:1      | Reached skill level 3 in Axes
   127 | D:1      | Reached XP level 2. HP: 26/26 MP: 2/2
   798 | D:2      | Reached skill level 4 in Axes
   811 | D:2      | Noticed Robin
   816 | D:2      | Reached XP level 3. HP: 29/31 MP: 3/3
   820 | D:2      | Killed Robin
   905 | D:2      | Reached skill level 5 in Axes
   909 | D:2      | Reached XP level 4. HP: 39/39 MP: 4/4
  1078 | D:2      | Found a stormy altar of Qazlal.
  1248 | D:2      | Reached skill level 6 in Axes
  1419 | D:2      | Found Kusan's Jewellery Shoppe.
  1786 | D:3      | Reached XP level 5. HP: 45/45 MP: 5/5
  1964 | D:3      | Found a hazy altar of Hepliaklqana.
  1977 | D:3      | Found a white marble altar of Elyvilon.
  2160 | D:3      | You fall into a shaft and drop 2 floors!
  2160 | D:5      | Entered Level 5 of the Dungeon
  2166 | D:5      | Found a runed translucent door.
  2169 | D:5      | Noticed olourkin's ghost (amateur DESu)
  2175 | D:5      | Reached skill level 7 in Axes
  2210 | D:4      | Reached XP level 6. HP: 50/51 MP: 6/6
  2391 | D:4      | Reached skill level 8 in Axes
  2436 | D:4      | Noticed Eustachio
  2455 | D:4      | Killed Eustachio
  2456 | D:4      | Reached skill level 9 in Axes
  2625 | D:4      | Reached XP level 7. HP: 45/57 MP: 7/7
  2728 | D:4      | Noticed a two-headed ogre
  2729 | D:4      | Became a worshipper of Beogh the Brigand
  2984 | D:3      | Noticed Natasha
  2996 | D:3      | Killed Natasha
  3330 | D:3      | Noticed Natasha
  3336 | D:3      | Killed Natasha
  3503 | D:3      | Noticed Natasha
  3512 | D:3      | Killed Natasha
  3604 | D:4      | Reached skill level 10 in Axes
  3771 | D:4      | Killed a two-headed ogre
  3772 | D:4      | Reached skill level 12 in Axes
  3772 | D:4      | Reached XP level 8. HP: 64/64 MP: 8/8
  4094 | D:5      | Reached skill level 13 in Axes
  4298 | D:5      | Found a runed translucent door.
  4344 | D:5      | Killed olourkin's ghost
  4683 | D:6      | Noticed a hornet
  4787 | D:6      | Found a staircase to the Ecumenical Temple.
  4814 | D:5      | Reached skill level 14 in Axes
  4820 | D:5      | Reached XP level 9. HP: 44/70 MP: 9/9
  4971 | D:6      | Killed from afar by a steam dragon

Illustrated notes

Levels and vault maps discovered:
D:1:      wander_arrival_chamber, layout_loops_ring
D:2:      layout_basic, serial_shops, shop, basic_altar,
          kennysheep_generic_room_2, uniq_robin
D:3:      layout_basic, mainiacjoe_overflow_catwalk_spiral, uniq_natasha
D:4:      layout_rooms, chequers_serial_rivers_micro_e, minmay_manual_maat,
          uniq_eustachio
D:5:      layout_basic, ebering_ghost_sewer_f
D:6:      layout_rooms, minmay_temple_entry_gardened_gates, columned_hall_lemuel

Skill      XL: |  1  2  3  4  5  6  7  8 |
---------------+-------------------------+-----
Axes           | 3 4 5 6 7 9 12 14 | 14.3
Fighting       | |  3.6
Armour         | |  3.5
Shields        | |  3.5

Action                     |  1- 3 |  4- 6 |  7- 9 || total
---------------------------+-------+-------+-------++-------
  Melee: War axe           |    80 |   145 |   132 ||   357
   Fire: Sling             |    13 |       |       ||    13
 Invoke: Convert to Beogh  |       |       |     1 ||     1
  Evoke: Wand              |       |       |     6 ||     6
    Use: Potion            |     1 |       |       ||     1
         Scroll            |       |     7 |     4 ||    11
   Stab: Invisible         |     3 |       |       ||     3
 Armour: Plate armour      |    85 |   125 |   129 ||   339
  Dodge: Dodged            |    24 |    49 |    34 ||   107
  Block: Buckler           |    19 |    36 |    28 ||    83

Table legend: (Time is in decaauts)
 A = Elapsed time spent in this place.
 B = Non-inter-level travel time spent in this place.
 C = Inter-level travel time spent in this place.
 D = Time resting spent in this place.
 E = Time spent auto-exploring this place.
 F = Levels seen in this place.
 G = Mean time per level.
                   A        B        C        D        E       F      G
               +--------+--------+--------+--------+--------+-----+--------+
         Total |   5032 |   4587 |    445 |    374 |   3187 |   6 |  838.7 |
       Dungeon |   5032 |   4587 |    445 |    374 |   3187 |   6 |  838.7 |
               +--------+--------+--------+--------+--------+-----+--------+

Top non-repeatable levels by time:
     D:3: 1113 daAuts
     D:5: 1069 daAuts
     D:2: 1033 daAuts
     D:4: 943 daAuts
     D:1: 802 daAuts
     D:6: 70 daAuts
